 Dungeon Crawl Stone Soup version 0.21.1-1-g345015f (webtiles) character file.

217 Mesmaeker13 the Charmwright (level 5, -3/45 HPs)
             Began as a Demigod Skald on Feb 20, 2018.
             Killed by divine providence
             ... invoked by an orc priest
              (17 damage)
             ... on level 3 of the Dungeon.
             The game lasted 00:04:04 (2496 turns).

Mesmaeker13 the Charmwright (Demigod Skald)         Turns: 2496, Time: 00:04:05

Health: -3/45      AC: 11    Str: 16    XL:     5   Next: 35%
Magic:  10/10      EV:  7    Int: 17    God:
Gold:   167        SH:  0    Dex: 15    Spells: 6/7 levels left

rFire    . . .     SeeInvis .   a - +0 falchion
rCold    . . .     Gourm    .   (no shield)
rNeg     . . .     Faith    .   b - +0 chain mail (curse)
rPois    .         Spirit   .   (no helmet)
rElec    .         Reflect  .   l - +0 cloak
rCorr    .         Harm     .   k - +0 pair of gloves
MR       .....                  (no boots)
Stlth    ..........             (no amulet)
HPRegen  0.15/turn              (no ring)
MPRegen  0.12/turn              (no ring)

@: hasted, very quick
A: high mp 1
a: no special abilities


You were on level 3 of the Dungeon.
You were hungry.

You visited 1 branch of the dungeon, and saw 3 of its levels.

You collected 167 gold pieces.

Inventory:

Hand Weapons
 a - a +0 falchion (weapon)
Armour
 b - a cursed +0 chain mail (worn)
 k - a +0 pair of gloves (worn)
 l - a +0 cloak (worn)
 m - a +0 plate armour
Scrolls
 e - 2 scrolls of immolation {unknown}
 g - a scroll of random uselessness {unknown}
 i - 2 scrolls of remove curse
 n - a scroll of enchant weapon {unknown}
 o - a scroll of teleportation {unknown}
 p - 2 scrolls of amnesia {unknown}
Potions
 h - a potion of haste
 j - a potion of flight
 r - a potion of lignification {unknown}
Books
 c - a book of Battle

   Spells                             Type                      Level
   a - Infusion                       Charms                       1
   b - Shroud of Golubria             Charms/Translocation         2
   c - Song of Slaying                Charms                       2
   d - Spectral Weapon                Hexes/Charms                 3
   e - Regeneration                   Charms/Necromancy            3
 f - a book of Conjurations

   Spells                             Type                      Level
   a - Magic Dart                     Conjuration                  1
   b - Searing Ray                    Conjuration                  2
   c - Dazzling Spray                 Conjuration/Hexes            3
   d - Fulminant Prism                Conjuration/Hexes            4
   e - Force Lance                    Conjuration/Translocation    4
   f - Iskenderun's Mystic Blast      Conjuration                  4
Comestibles
 d - 7 rations
 q - 4 chunks of flesh


   Skills:
 + Level 3.1 Fighting
 + Level 3.2 Long Blades
 + Level 2.3 Armour
 - Level 2.1 Dodging
 - Level 1.7 Spellcasting
 - Level 3.4 Charms


You had 6 spell levels left.
You knew the following spells:

 Your Spells              Type           Power        Failure   Level  Hunger
a - Infusion              Chrm           ##..         65%         1    #......


Dungeon Overview and Level Annotations

Branches:
Dungeon (3/15)


Innate Abilities, Weirdness & Mutations

You have an increased reservoir of magic. (+10% MP)


Message History

The orc priest calls upon Beogh to heal the orc.
The orc's wounds heal themselves!
The orc hits you but does no damage.
You are feeling hungry.
You closely miss the orc. The orc barely misses you.
You riposte.
Your chain mail prevents you from hitting the orc.
The orc hits you.
You slash the orc!
You kill the orc!
The orc priest invokes the aid of Beogh against you.
Beogh smites you! The orc hits you with a whip.
You barely miss the orc. The orc hits you but does no damage.
You hit the orc.
The orc is heavily wounded.
The orc hits you but does no damage.
Okay, then.
You feel yourself speed up.
The orc priest mumbles some strange prayers to Beogh against you.
Beogh smites you!
You die...

....# #.#
#####.#
###.# #.####
#.# # #.#
#....# #.#
..# ####.#
#o# .## #.#
#.# . #.#
#o# #.# #.#
#.#######.##
#......@oo.#
############


You could see an orc priest and an orc.

Vanquished Creatures
  A big kobold (D:3)
  Jessica (D:3)
  4 adders
  2 oozes
  2 worms (D:2)
  2 dart slugs
  A leopard gecko (D:3)
  2 orcs (D:3)
  5 bats
  4 giant cockroaches
  2 goblins (D:2)
  9 hobgoblins
  2 jackals (D:2)
  16 kobolds
  3 quokkas
  3 frilled lizards
  5 rats
64 creatures vanquished.

Notes
Turn   | Place    | Note
-------+----------+-------------------------------------------
     0 | D:1      | Mesmaeker13 the Demigod Skald began the quest for the Orb.
     0 | D:1      | Reached XP level 1. HP: 17/17 MP: 5/5
   266 | D:1      | Reached XP level 2. HP: 20/24 MP: 7/7
   318 | D:1      | Found a snail-covered altar of Cheibriados.
   676 | D:2      | Reached skill level 1 in Armour
   676 | D:2      | Reached XP level 3. HP: 29/29 MP: 8/8
  1377 | D:2      | Found a glowing silver altar of Zin.
  1377 | D:2      | Found an opulent altar of Gozag.
  1464 | D:2      | Reached XP level 4. HP: 33/37 MP: 9/9
  1649 | D:3      | Noticed Jessica
  1658 | D:3      | Killed Jessica
  2107 | D:3      | Found an opulent altar of Gozag.
  2339 | D:3      | Noticed a big kobold
  2391 | D:3      | Killed a big kobold
  2391 | D:3      | Reached XP level 5. HP: 43/45 MP: 10/10
  2496 | D:3      | Killed from afar by an orc priest

Skill      XL: |  1  2  3  4 |
---------------+-------------+-----
Fighting       | 2 3 |  3.1
Long Blades    | 2 3 |  3.2
Dodging        | 2 |  2.1
Charms         | 3 |  3.4
Armour         | 1 2 |  2.3
Spellcasting   | |  1.7

Action                   |  1- 3 |  4- 6 || total
-------------------------+-------+-------++-------
Melee: Falchion          |   136 |   107 ||   243
  Use: Scroll            |     4 |       ||     4
       Potion            |     1 |     1 ||     2
 Stab: Sleeping          |     1 |       ||     1
  Eat: Chunk             |     2 |     3 ||     5
Armor: Leather armour    |     9 |       ||     9
       Plate armour      |     7 |       ||     7
       Chain mail        |    61 |    55 ||   116
Dodge: Dodged            |    54 |    37 ||    91
       Rpst.: Falchion   |    18 |    11 ||    29
